 Dungeon Crawl Stone Soup version 0.28.0-53-g5a82cb258f (webtiles) character file.

Game seed: 3057467266464790712

30 Zeld the Ogre Mage (level 3, -2/35 HPs)
             Began as an Ogre Transmuter on May 24, 2022.
             Killed from afar by Sigmund (5 damage)
             ... with a puff of flame
             ... on level 1 of the Dungeon.
             The game lasted 00:02:08 (1518 turns).

Zeld the Ogre Mage (Ogre Transmuter)                Turns: 1518, Time: 00:02:08

Health: -2/35      AC:  3    Str: 16    XL:     3   Next: 18%
Magic:  2/7        EV:  9    Int: 14    God:
Gold:   51         SH:  0    Dex:  9    Spells: 2/8 levels left

rFire   . . .      SeeInvis .     - Unarmed
rCold   . . .      Faith    .   (no shield)
rNeg    . . .      Spirit   .   a - +0 robe
rPois   .          Reflect  .   (helmet restricted)
rElec   .          Harm     .   (no cloak)
rCorr   .          Rampage  .   (gloves unavailable)
Will    .....                   (boots unavailable)
Stlth   +.........              (no amulet)
HPRegen 0.11/turn               (no ring)
MPRegen 0.10/turn               (no ring)

@: very slightly contaminated
A: large, unfitting armour, tough skin 1
a: no special abilities


You were on level 1 of the Dungeon.
You visited 1 branch of the dungeon, and saw 2 of its levels.

You collected 51 gold pieces.

Inventory:

Armour
 a - a +0 robe (worn)
Scrolls
 b - a scroll of identify {unknown}
 c - a scroll of teleportation {unknown}
 d - a scroll of summoning {unknown}


   Skills:
 + Level 2.2 Fighting
 - Level 1.7 Dodging
 - Level 2.6 Unarmed Combat
 * Level 3.1 Spellcasting
 * Level 2.3 Transmutations
 + Level 0.1 Poison Magic


You had 2 spell levels left.
You knew the following spells:

 Your Spells              Type           Power      Damage    Failure   Level
a - Beastly Appendage     Tmut           16%        N/A       8%          1
b - Wereblood             Tmut           8%         N/A       12%         2
c - Spider Form           Tmut/Pois      5%         N/A       36%         3

Your spell library contained the following spells:

 Spells                   Type           Power      Damage    Failure   Level
 Foxfire                  Conj/Fire      8%         2x1d4     22%         1
 Conjure Flame            Conj/Fire      2%         6-21      54%         3
 Inner Flame              Hex/Fire       2%         N/A       54%         3
 Ice Form                 Ice/Tmut       5%         N/A       78%         4
 Flame Wave               Conj/Fire      2%         2d4       91%         4


Dungeon Overview and Level Annotations

Branches:
Dungeon (2/15)

Altars:

Annotations:
D:1 Sigmund
D:2 Natasha


Innate Abilities, Weirdness & Mutations

You are too large for most types of armour.
You have tough skin. (AC +1)


Message History

Sigmund points at you and mumbles some strange words.
You resist with some effort.
You see here 25 stones.
Casting: Spider Form (quite dangerous; 36% risk of failure)
Confirm with . or Enter, or press ? or * to list all spells.
The spell is quite dangerous to miscast (36% risk of failure)!
Continue anyway?
You miscast Spider Form.
You are very lightly contaminated with residual magic.
You feel incredibly sick.
You are poisoned.
You feel sick.
Sigmund zaps a wand.
The puff of flame misses you.
You feel sick.
You feel sick.
You see here 25 stones.
Casting: Spider Form (quite dangerous; 36% risk of failure)
Confirm with . or Enter, or press ? or * to list all spells.
The spell is quite dangerous to miscast (36% risk of failure)!
Continue anyway?
You miscast Spider Form.
Nothing appears to happen.
You feel sick.
Casting: Spider Form (quite dangerous; 36% risk of failure)
Confirm with . or Enter, or press ? or * to list all spells.
You don't have enough magic to cast this spell.
You feel sick.
You are no longer poisoned.
Sigmund points at you and mumbles some strange words.
The puff of flame hits you! Sigmund gestures at you while chanting.
You resist with some effort.
You start resting.
Sigmund is nearby!
Sorry, you're not good enough to have a special ability.
Sigmund gestures at you while chanting. The magic dart hits you.
You see here 11 stones.
Sigmund zaps a wand.
The puff of flame hits you!
* * * LOW HITPOINT WARNING * * *
Sigmund casts a spell at you. The magic dart hits you.
* * * LOW HITPOINT WARNING * * *
Sigmund zaps a wand.
The puff of flame hits you.
You die...

### #.# ###.###
..#...#
#.....#############
........(.....(...#
####...###......@.#
.......# ###@.....#
####...# #......#
##### #.(....#
########


You could see Sigmund.

Vanquished Creatures
  2 endoplasms (D:1)
  A giant cockroach (D:1)
  4 goblins (D:1)
  2 hobgoblins (D:1)
  2 jackals (D:1)
  2 quokkas
  2 ball pythons (D:1)
  6 bats
  2 frilled lizards (D:1)
  A kobold (D:2)
  4 rats (D:1)
28 creatures vanquished.

Notes
Turn   | Place    | Note
-------+----------+-------------------------------------------
     0 | D:1      | Zeld the Ogre Transmuter began the quest for the Orb.
     0 | D:1      | Reached XP level 1. HP: 19/19 MP: 3/3
   237 | D:1      | Reached XP level 2. HP: 28/28 MP: 3/5
   281 | D:1      | Learned a level 2 spell: Wereblood
   288 | D:1      | Reached skill level 3 in Spellcasting
   560 | D:1      | Reached XP level 3. HP: 35/35 MP: 5/7
   564 | D:1      | Learned a level 3 spell: Spider Form
   932 | D:2      | Noticed Sigmund
   934 | D:2      | Noticed Natasha
  1518 | D:1      | Killed from afar by Sigmund

Illustrated notes

Levels and vault maps discovered:
D:1:      nzn_arrival_water_spiral, layout_rooms,
          hangedman_decor_clover_reticule
D:2:      layout_basic, minivault_11, uniq_natasha, uniq_jessica, uniq_terence,
          uniq_sigmund

Skill      XL: |  1  2 |
---------------+-------+-----
Transmutations | 2 |  2.3
Fighting       | 2 |  2.2
Spellcasting   | 3 |  3.1
Dodging        | |  1.7
Unarmed Combat | |  2.6
Poison Magic   | |  0.1

Action                   || total
-------------------------++-------
Melee: Unarmed           ||    73
       Kick              ||    13
       Headbutt          ||    11
       Punch             ||     1
 Cast: Beastly Appendage ||    25
       Spider Form       ||     2
Armor: Robe              ||    36
Dodge: Dodged            ||    47
